Map: Selva profunda EE

Players

metralleta - Winner!

  • Race: Protoss Protoss
  • Spawn Location: 1:00

nemo - Winner!

  • Race: Protoss Protoss
  • League: Bronze
  • Spawn Location: 3:00

samy - Winner!

  • Race: Terran Terran
  • Spawn Location: 1:00

MrFercho

  • Race: Zerg Zerg
  • League: Silver
  • Spawn Location: 7:00

TATORREA

  • Race: Protoss Protoss
  • League: Silver
  • Spawn Location: 7:00

tigro

  • Race: Terran Terran
  • Spawn Location: 7:00

VOD

Have the link to the VOD?

Description

Time

  • Played on: May 14, 2020, 10:12 p.m.
  • Length: 19:11
Show
View Real Time Build Order
Export as new Build Order

metralleta Protoss - Winner!

Build Orders:  

Get SALT Encoding   

  12  0:13  Pylon  
  12  1:02  Gateway  
  12  1:27  Probe (Chrono Boost), Assimilator  
  12  1:31  Assimilator  
  13  1:38  Probe (Chrono Boost)  
  14  1:42  Probe (Chrono Boost)  
  15  1:53  Probe  
  16  2:05  Probe (Chrono Boost)  
  17  2:26  Cybernetics Core  
  17  2:35  Gateway  
  19  2:37  Zealot  
  19  3:04  Zealot  
  20  3:21  Stargate  
  20  3:25  Warp Gate  
  20  3:30  Stargate  
  20  3:31  Zealot  
  22  4:21  Pylon  
  22  4:22  Pylon  
  22  4:26  Pylon  
  22  4:29  Pylon  
  22  4:39  Zealot  
  22  4:43  Void Ray x2  
  32  5:06  Zealot  
  34  5:12  Nexus  
  34  5:22  Pylon  
  34  5:25  Assimilator  
  34  5:34  Assimilator  
  34  5:58  Void Ray  
  38  7:03  Probe (Chrono Boost)  
  39  7:14  Probe (Chrono Boost)  
  41  7:15  Probe (Chrono Boost)  
  41  7:18  Probe (Chrono Boost)  
  42  7:23  Probe  
  42  7:29  Probe  
  44  7:35  Probe  
  45  7:41  Probe  
  46  7:47  Probe  
  43  7:59  Probe  
  38  8:42  Void Ray  
  38  8:45  Void Ray  
  44  9:25  Void Ray  
  40  10:08  Void Ray  
  33  10:29  Stalker x2  
  36  10:39  Probe  
  37  10:46  Probe (Chrono Boost)  
  38  10:50  Void Ray  
  38  10:53  Probe (Chrono Boost)  
  43  10:58  Probe (Chrono Boost)  
  45  11:04  Probe (Chrono Boost)  
  45  11:06  Probe (Chrono Boost)  
  45  11:07  Void Ray  
  45  11:09  Probe (Chrono Boost)  
  45  11:10  Zealot x2  
  55  11:12  Probe  
  55  11:17  Probe, Gateway  
  56  11:18  Gateway  
  56  11:19  Gateway  
  56  11:24  Probe  
  58  11:29  Probe  
  59  11:33  Void Ray  
  63  11:41  Probe  
  64  11:49  Void Ray  
  64  11:50  Fleet Beacon  
  68  11:55  Pylon  
  68  11:59  Pylon  
  68  12:00  Pylon  
  66  12:16  Void Ray  
  70  13:02  Tempest (Chrono Boost)  
  70  13:03  Tempest (Chrono Boost)  
  70  13:07  Forge  
  76  13:38  Tempest  
  76  13:39  Tempest  
  86  13:45  Photon Cannon  
  86  13:46  Photon Cannon  
  86  13:48  Photon Cannon x2  
  86  14:02  Pylon  
  83  14:19  Probe (Chrono Boost)  
  84  14:30  Probe (Chrono Boost)  
  85  14:35  Probe (Chrono Boost)  
  86  14:45  Probe  
  87  14:57  Probe  
  88  15:07  Carrier (Chrono Boost)  
  100  15:17  Carrier (Chrono Boost)  
  100  15:27  Protoss Air Weapons Level 1 (Chrono Boost)  
  98  16:58  Void Ray  
  102  17:01  Stalker  
  102  17:02  Stalker x2  
  90  17:26  Stalker  
Show
View Real Time Build Order
Export as new Build Order

nemo Protoss - Winner!

Build Orders:  

Get SALT Encoding   

  12  0:17  Pylon  
  12  0:52  Gateway  
  12  0:55  Gateway  
  12  0:59  Probe (Chrono Boost)  
  13  1:09  Probe (Chrono Boost)  
  14  1:14  Probe (Chrono Boost)  
  15  1:26  Probe (Chrono Boost), Pylon  
  16  1:34  Probe (Chrono Boost)  
  17  1:40  Probe  
  18  1:52  Probe  
  19  1:54  Zealot x2  
  23  2:04  Cybernetics Core  
  23  2:06  Assimilator  
  23  2:08  Probe (Chrono Boost)  
  24  2:10  Assimilator  
  24  2:18  Probe (Chrono Boost)  
  25  2:23  Probe (Chrono Boost)  
  26  2:52  Stalker  
  26  2:57  Stalker  
  30  3:11  Pylon  
  30  3:17  Pylon  
  30  3:33  Pylon  
  30  4:06  Stargate  
  30  4:11  Sentry  
  30  4:12  Sentry  
  34  4:37  Stalker  
  34  4:38  Zealot  
  38  4:40  Twilight Council  
  38  5:00  Robotics Facility  
  38  5:05  Zealot  
  40  5:07  Zealot  
  42  5:17  Charge  
  42  5:32  Zealot  
  42  5:34  Zealot  
  46  5:40  Nexus  
  46  5:43  Pylon  
  46  5:50  Warp Gate  
  46  5:55  Void Ray  
  50  5:59  Zealot  
  50  6:01  Zealot  
  54  6:11  Forge  
  54  6:16  Pylon  
  54  6:22  Pylon  
  54  6:24  Warp Prism  
  56  7:01  Immortal  
  36  8:15  Stalker  
  36  8:16  Stalker  
  38  8:49  Stalker x2  
  42  9:18  Stalker  
  42  9:19  Stalker  
  38  10:19  Stalker x2  
  28  10:52  Gateway  
  28  10:53  Gateway  
  28  10:54  Stalker x2  
  28  10:55  Gateway  
  30  10:57  Gateway  
  24  11:23  Stalker  
  24  11:24  Stalker  
  28  11:28  Void Ray  
  28  12:05  Pylon  
  28  12:06  Pylon  
  28  12:09  Dark Shrine  
  28  12:11  Void Ray  
  32  12:16  Probe, Pylon  
  32  12:19  Pylon  
  33  12:23  Pylon  
  33  12:28  Probe  
  34  12:41  Probe, Photon Cannon  
  29  12:53  Probe  
  29  12:54  Void Ray  
  34  13:08  Probe (Chrono Boost)  
  35  13:18  Probe (Chrono Boost)  
  36  13:23  Probe (Chrono Boost)  
  37  13:36  Void Ray  
  37  13:37  Assimilator  
  41  13:58  Stalker  
  41  14:00  Stalker  
  45  14:06  Warp Prism  
  47  14:19  Void Ray  
  47  14:21  Probe (Chrono Boost)  
  52  14:31  Probe x2 (Chrono Boost)  
  54  14:37  Probe (Chrono Boost)  
  56  14:38  Probe (Chrono Boost)  
  56  14:42  Warp Prism  
  56  14:44  Assimilator  
  56  14:45  Probe  
  58  14:49  Probe  
  60  15:01  Probe  
  61  15:47  Dark Templar x4  
  61  15:48  Dark Templar x2  
  73  16:25  Dark Templar x3  
  75  16:26  Dark Templar x2  
  75  17:12  Dark Templar x2  
  75  17:13  Dark Templar x2  
  83  17:32  Stalker  
  83  17:33  Stalker  
  87  18:06  Nexus  
  87  18:25  Zealot x2  
  87  18:26  Zealot x2  
  95  18:27  Zealot  
  95  18:28  Zealot  
  99  18:57  Zealot x3  
  99  18:58  Zealot x3  
Show
View Real Time Build Order
Export as new Build Order

samy Terran - Winner!

Build Orders:  

Get SALT Encoding   

  12  0:18  Supply Depot  
  12  0:22  SCV  
  12  0:28  Refinery  
  13  0:34  SCV  
  14  1:13  Barracks  
  14  1:20  SCV  
  15  1:32  SCV, Barracks  
  16  1:44  SCV  
  17  1:56  SCV  
  18  2:03  Marine  
  19  2:08  SCV  
  19  2:09  Supply Depot  
  20  2:20  Marine  
  21  2:23  Factory  
  21  2:32  Barracks Tech Lab  
  21  2:36  Orbital Command  
  21  2:47  Supply Depot  
  21  2:52  Marine  
  22  2:58  Stimpack  
  22  3:02  Marauder  
  24  3:09  Factory Tech Lab  
  24  3:10  Marine  
  25  3:19  SCV  
  26  3:20  Refinery  
  26  3:32  SCV  
  27  3:43  Siege Tank  
  27  3:44  SCV  
  31  3:49  Marauder, Marine  
  34  3:56  SCV  
  35  4:07  Marine  
  35  4:08  SCV  
  37  4:10  Marauder  
  39  4:35  Command Center  
  39  4:38  Concussive Shells  
  39  4:51  Marauder, Marine  
  42  4:53  Supply Depot  
  42  5:08  Marine  
  42  5:11  Siege Tank  
  46  5:15  Marauder  
  46  5:17  Supply Depot  
  48  5:22  Supply Depot  
  48  5:26  Marine  
  48  5:27  Engineering Bay  
  49  5:36  Marine  
  49  5:41  Supply Depot  
  50  5:45  Engineering Bay  
  50  5:53  SCV  
  51  6:05  SCV, Combat Shield  
  51  6:07  Marauder  
  51  6:08  Marine  
  55  6:16  Siege Tank  
  55  6:17  SCV  
  58  6:26  Marine  
  58  6:29  SCV, Marauder  
  57  6:42  SCV  
  57  6:43  Marine  
  39  7:01  Marine  
  39  7:02  Refinery  
  39  7:05  Refinery  
  39  7:16  Barracks  
  39  7:19  Marine  
  38  7:32  Barracks  
  38  7:38  Starport  
  38  7:41  SCV  
  39  7:53  SCV  
  40  7:59  Armory  
  41  8:05  SCV  
  41  8:17  SCV  
  41  8:19  Command Center  
  42  8:28  Starport Reactor  
  42  8:29  SCV  
  42  8:35  Starport  
  38  8:48  Armory  
  37  9:12  Terran Ship Weapons Level 1  
  37  9:15  Viking x2  
  37  9:16  Viking  
  43  9:24  Missile Turret  
  43  9:38  Missile Turret  
  43  9:40  SCV  
  44  9:46  SCV  
  44  9:52  SCV, Missile Turret  
  46  9:58  SCV  
  47  10:04  SCV  
  47  10:05  Starport Reactor  
  48  10:09  Viking x2  
  48  10:10  SCV  
  53  10:16  SCV  
  53  10:18  SCV  
  55  10:22  SCV  
  56  10:28  SCV  
  56  10:30  SCV  
  56  10:34  SCV, Terran Vehicle And Ship Armor Level 1  
  59  10:39  Viking x2  
  59  10:42  SCV  
  64  11:06  SCV  
  64  11:09  Viking x2  
  64  11:10  Refinery  
  69  11:18  SCV  
  69  11:24  Viking x2  
  74  11:31  SCV  
  75  11:39  Viking x2  
  79  11:43  SCV  
  76  11:54  Viking x2  
  76  11:55  SCV  
  81  12:09  Viking x2  
  81  12:11  Refinery  
  85  12:24  Viking  
  85  12:29  Orbital Command  
  87  12:33  Orbital Command, Command Center  
  87  12:38  Barracks Reactor  
  87  12:47  Liberator x2  
  87  12:48  Liberator  
  96  12:54  Liberator  
  99  13:00  Terran Ship Weapons Level 2  
  99  13:11  SCV  
  100  13:23  SCV  
  101  13:29  Liberator  
  101  13:30  Liberator  
  107  13:35  SCV  
  108  13:47  SCV  
  108  13:57  SCV  
  108  13:59  SCV  
  111  14:10  SCV  
  111  14:22  SCV  
  112  14:26  Missile Turret  
  112  14:30  Refinery  
  112  14:34  SCV  
  106  14:46  SCV  
  104  14:53  SCV, Refinery  
  105  15:05  SCV  
  106  15:17  SCV  
  107  15:28  Viking x4  
  109  15:29  SCV  
  116  15:41  SCV  
  117  15:58  Viking x4  
  99  16:28  Viking x4  
  79  16:57  Viking  
  79  16:58  Viking x3  
  85  17:02  Starport  
  82  17:38  Viking  
  82  17:39  Viking  
  82  17:40  Viking x4  
  94  17:52  Orbital Command  
  94  18:08  Viking  
  94  18:09  Viking  
  94  18:10  Viking x4  
  106  18:38  Viking  
  106  18:39  Viking  
  106  18:40  Viking x4  
Show
View Real Time Build Order
Export as new Build Order

MrFercho Zerg 

Build Orders: 1 Base Baneling Bust, Pool First 

Get SALT Encoding   

  12  0:03  Drone  
  13  0:17  Overlord  
  13  0:28  Drone  
  14  0:31  Extractor  
  13  0:36  Drone x2, Extractor  
  13  0:40  Drone  
  15  0:53  Drone  
  16  1:01  Spawning Pool  
  16  1:18  Drone x2  
  17  1:27  Drone  
  18  1:33  Drone  
  19  1:45  Overlord  
  19  1:52  Metabolic Boost  
  19  1:56  Zergling x2  
  20  2:18  Baneling Nest  
  19  2:23  Roach Warren  
  19  2:28  Evolution Chamber, Drone x2  
  19  2:29  Drone  
  20  2:30  Queen  
  22  2:52  Drone  
  23  3:00  Zerg Missile Weapons Level 1  
  23  3:06  Lair  
  23  3:21  Roach  
  23  3:22  Roach x2  
  29  3:35  Hatchery  
  28  4:02  Ravager x2  
  30  4:05  Overlord x2  
  30  4:20  Centrifical Hooks  
  30  4:21  Hatchery  
  29  5:10  Hatchery  
  28  5:22  Zergling x2  
  28  5:23  Zergling x16  
  37  5:39  Zerg Ground Armor Level 1  
  37  5:52  Drone  
  37  5:53  Drone x3  
  41  6:39  Baneling  
  41  6:40  Baneling x12  
  41  6:41  Baneling x5  
  41  6:53  Glial Reconstitution  
  42  7:01  Drone x2  
  42  7:02  Drone x4  
  47  7:11  Extractor  
  47  7:13  Extractor  
  40  7:33  Zerg Melee Weapons Level 1  
  33  8:09  Spire  
  32  8:17  Drone x3  
  28  9:21  Corruptor x6  
  28  9:22  Corruptor x2  
  35  10:03  Roach x9  
  43  10:22  Drone  
  43  10:23  Drone x2  
  43  10:38  Drone x9  
  52  10:43  Queen  
  54  11:24  Mutalisk  
  54  11:25  Mutalisk x4  
  64  11:33  Overlord x2  
  64  11:34  Overlord  
  50  12:01  Mutalisk  
  50  12:02  Mutalisk x5  
  62  12:46  Mutalisk  
  62  12:47  Mutalisk x6  
  76  13:00  Infestation Pit  
  76  13:01  Drone x2  
  77  13:30  Mutalisk  
  77  13:31  Mutalisk x2  
  83  13:40  Drone x3  
  86  13:52  Mutalisk  
  30  16:28  Corruptor  
  30  16:29  Corruptor x6  
    18:14  Drone x3  
Show
View Real Time Build Order
Export as new Build Order

TATORREA Protoss 

Build Orders: Double Forge 

Get SALT Encoding   

  12  0:02  Probe  
  13  0:33  Probe  
  14  0:39  Pylon  
  14  0:45  Probe  
  15  0:57  Probe  
  16  1:12  Gateway  
  16  1:15  Gateway  
  16  1:16  Probe  
  17  1:20  Assimilator  
  17  1:28  Probe  
  18  2:07  Probe  
  19  2:12  Assimilator  
  19  2:19  Probe  
  20  2:32  Cybernetics Core, Probe  
  20  2:33  Forge  
  21  2:44  Probe  
  22  3:09  Pylon  
  22  3:13  Pylon  
  22  3:17  Pylon  
  22  3:20  Pylon  
  22  3:24  Pylon  
  22  3:25  Probe  
  23  3:27  Zealot x2  
  23  3:28  Pylon  
  23  3:32  Pylon  
  27  3:47  Probe  
  28  3:55  Stalker  
  30  4:13  Forge  
  30  4:19  Nexus  
  30  4:21  Probe  
  31  4:25  Stalker  
  31  4:29  Stalker  
  31  4:30  Warp Gate  
  35  4:33  Probe  
  36  4:45  Probe  
  37  4:55  Stalker, Stargate  
  37  4:57  Probe, Robotics Facility  
  40  5:05  Twilight Council  
  40  5:09  Probe  
  41  5:17  Assimilator, Protoss Ground Weapons Level 1 (Chrono Boost)  
  41  5:21  Probe  
  42  5:35  Probe  
  43  5:47  Probe x2  
  45  5:59  Probe x2  
  47  6:11  Probe x2  
  49  6:23  Probe  
  49  6:24  Probe  
  51  6:35  Probe  
  51  6:36  Probe  
  49  7:01  Stalker  
  49  7:03  Stalker  
  53  7:09  Probe  
  53  7:14  Assimilator  
  54  7:17  Oracle  
  54  7:19  Immortal  
  54  7:21  Probe  
  52  7:33  Probe, Stalker  
  52  7:34  Stalker  
  53  7:50  Photon Cannon  
  45  7:52  Photon Cannon  
  30  8:16  Stalker  
  30  8:19  Photon Cannon  
  3  12:40  Probe  
  4  12:52  Probe  
  5  13:04  Probe  
  6  13:17  Probe  
  7  13:29  Probe  
  8  13:41  Probe  
  9  13:53  Probe  
  10  14:43  Probe  
  11  14:55  Probe  
  12  15:07  Probe  
Show
View Real Time Build Order
Export as new Build Order

tigro Terran 

Build Orders:  

Get SALT Encoding   

  12  0:04  SCV  
  13  0:18  SCV, Supply Depot  
  14  0:30  SCV  
  15  0:42  SCV, Refinery  
  16  0:58  SCV, Barracks  
  17  1:10  SCV  
  18  1:16  Refinery  
  18  1:23  SCV  
  19  1:31  Supply Depot  
  19  1:35  SCV  
  20  1:46  Marine  
  21  1:47  SCV  
  22  2:00  Barracks  
  22  2:04  Marine  
  22  2:06  SCV  
  24  2:18  SCV, Engineering Bay  
  24  2:21  Marine  
  26  2:39  Marine  
  27  2:57  Marine  
  28  3:08  Barracks Tech Lab  
  28  3:29  Factory  
  28  3:32  Barracks Tech Lab  
  30  3:34  Marauder  
  30  3:38  Combat Shield  
  30  3:43  Orbital Command  
  30  4:04  Stimpack  
  30  4:17  Marauder, Factory Tech Lab  
  32  4:30  Command Center  
  32  4:34  Terran Infantry Weapons Level 1  
  32  4:38  Marauder  
  34  4:42  SCV  
  35  4:51  Marine  
  35  4:52  Supply Depot  
  36  4:57  Concussive Shells  
  36  4:59  Marauder  
  38  5:09  Marine  
  39  5:17  Siege Tank  
  39  5:21  Marauder  
  44  5:27  Marine  
  45  5:32  Armory  
  45  5:50  Missile Turret  
  45  6:02  Planetary Fortress  
  45  6:28  Missile Turret, Terran Infantry Armor Level 1  
  42  6:53  Missile Turret  
  41  7:15  SCV  
  42  7:19  Hellion  
  44  7:27  SCV  
  45  7:32  Command Center  
  45  7:39  SCV  
  45  7:41  Hellion  
  48  7:51  SCV  
  49  8:02  Hellion  
  49  8:04  SCV  
  46  8:06  Missile Turret  
  40  8:13  Starport  
  35  8:22  Neosteel Armor  
  35  8:23  Thor  
  35  8:24  Marine  
  42  8:29  Missile Turret, Marine  
  39  8:42  Marine  
  39  8:47  Marine  
  41  8:51  Starport  
  41  8:59  Missile Turret  
  41  9:00  Marine  
  41  9:01  Refinery  
  42  9:05  Marine  
  42  9:06  Thor  
  44  9:18  Marine  
  44  9:23  Marine  
  39  9:36  Marine  
  38  9:41  Marine  
  38  9:42  Viking  
  38  9:45  Viking  
  43  9:58  Refinery  
  43  10:12  Viking  
  43  10:15  Viking  
  43  10:23  Siege Tank  
  46  10:42  Viking  
  48  10:45  Viking  
  48  11:15  Viking  
  52  11:25  Starport Tech Lab  
  50  11:45  Viking  
  52  11:51  Hi-Sec Auto Tracking  
  52  11:55  Terran Vehicle Weapons Level 1  
  52  11:59  Fusion Core  
  52  12:09  Supply Depot  
  52  12:16  Planetary Fortress  
  52  12:28  Marine  
  53  12:31  Supply Depot  
  53  12:32  Marauder  
  55  12:37  Medivac  
  55  12:41  Starport Tech Lab  
  57  12:46  Marine  
  57  12:48  Terran Infantry Weapons Level 2  
  57  12:49  SCV  
  59  12:54  Marauder  
  61  13:01  SCV  
  61  13:04  Marine  
  63  13:08  Battlecruiser  
  69  13:13  SCV  
  69  13:15  Marauder  
  72  13:22  Marine  
  72  13:25  SCV  
  74  13:34  Banshee  
  77  13:36  Marauder  
  77  13:37  SCV  
  77  13:39  Marine  
  81  13:49  Terran Vehicle And Ship Armor Level 1  
  81  13:53  Refinery  
  81  13:58  Marauder  
  83  14:12  Battlecruiser  
  83  14:16  Banshee  
  92  14:24  Missile Turret  
  92  14:47  Missile Turret  
  92  14:59  Raven  
  94  15:04  Terran Infantry Armor Level 2  
  94  15:13  SCV  
  95  15:16  Battlecruiser  
  101  15:25  Starport  
  101  15:30  Supply Depot  
  101  15:36  Cloaking Field  
  101  15:48  SCV x2  
  101  15:49  Raven  
  100  15:53  Supply Depot  
  88  15:58  Thor  
  88  16:00  SCV x2  
  84  16:07  Starport  
  76  16:12  SCV x2  
  76  16:25  SCV  
  66  16:39  Starport Reactor  
  61  16:44  Starport  
  55  16:48  SCV  
  56  17:00  SCV  
  51  17:12  SCV  
  52  17:19  Viking x3  
  52  17:20  Viking  
  52  17:22  Starport  
  58  17:24  SCV  
  53  17:49  Viking x3  
  53  17:50  Viking  
  55  18:00  Starport Tech Lab x2  
  55  18:02  Starport Tech Lab  
Tags
 
Add a new tag
Caveats
  • Supply blocks, unpowered buildings, or Contaminate may cause inaccurate times.
  • Supply counts are checked every 10 seconds.